 Dungeon Crawl Stone Soup version 0.28-a0-925-gd5e1996cdb (webtiles) character file.

Game seed: 8259978527784025271

8498 ders the Geomancer (level 11, -3/54 HPs)
             Began as a Gargoyle Earth Elementalist on Nov 27, 2021.
             Was a Priest of Vehumet.
             Slain by Grum (17 damage)
             ... on level 10 of the Dungeon.
             The game lasted 00:25:02 (14778 turns).

ders the Geomancer (Gargoyle Earth Elementalist)   Turns: 14778, Time: 00:25:02

Health: -3/54      AC: 10    Str: 11    XL:     11   Next: 31%
Magic:  33/33      EV: 12    Int: 26    God:    Vehumet [***...]
Gold:   720        SH:  0    Dex: 10    Spells: 15/28 levels left

rFire   . . .      SeeInvis .   m - +2 whip (venom)
rCold   . . .      Faith    .   D - +0 buckler
rNeg    + . .      Spirit   .   b - +0 robe
rPois   ∞          Reflect  .   (no helmet)
rElec   +          Harm     .   (no cloak)
rCorr   .          Rampage  .   (no gloves)
Will    .....                   (no boots)
Stlth   +.........              v - amulet of the acrobat
HPRegen 0.18/turn               z - +6 ring of intelligence
MPRegen 0.23/turn               l - ring of magical power

@: confused, ambrosia-drunk, very slightly contaminated
A: sickness immunity, AC +8, negative energy resistance 1, electricity
resistance, torment resistance 1, petrification resistance
a: Renounce Religion


You were on level 10 of the Dungeon.
You worshipped Vehumet.
Vehumet was most pleased with you.
You visited 2 branches of the dungeon, and saw 11 of its levels.
You also visited: Sewer.

You collected 720 gold pieces.

Inventory:

Hand Weapons
 m - a +2 whip of venom (weapon)
Missiles
 x - 54 stones
 I - 2 throwing nets
Armour
 b - a +0 robe (worn)
 D - a +0 buckler (worn)
Jewellery
 h - a ring of protection from fire
 l - a ring of magical power (right hand)
 v - an amulet of the acrobat (around neck)
 w - a ring of ice
 z - a +6 ring of intelligence (left hand)
 E - a ring of flight
Wands
 q - a wand of flame (30)
 y - a wand of iceblast (4)
 A - a wand of polymorph (11)
 G - a wand of acid (10)
Scrolls
 e - 2 scrolls of summoning
 f - 3 scrolls of amnesia
 g - a scroll of fear
 i - a scroll of magic mapping
 n - a scroll of identify
 o - 5 scrolls of teleportation
 r - a scroll of fog
 u - 2 scrolls of immolation
 B - a scroll of blinking
 F - 3 scrolls of enchant weapon
 K - a scroll of enchant armour {unknown}
 L - a scroll of acquirement {unknown}
Potions
 a - 2 potions of mutation
 c - a potion of resistance
 d - a potion of magic
 j - a potion of cancellation
 k - 7 potions of haste
 p - 2 potions of might
 s - 4 potions of brilliance
 t - 5 potions of curing
 C - 2 potions of ambrosia
 J - a potion of flight {unknown}
Miscellaneous
 H - a phantom mirror


   Skills:
 - Level 1.9 Dodging
 - Level 2.6 Stealth
 - Level 4.0 Shields
 + Level 9.2 Spellcasting
 + Level 10.4 Conjurations
 - Level 1.2 Transmutations
 + Level 12.1 Earth Magic


You had 15 spell levels left.
You knew the following spells:

 Your Spells              Type           Power      Damage    Failure   Level
a - Sandblast             Erth           100%       2d20      1%          1
b - Stone Arrow           Conj/Erth      100%       3d13      1%          3
c - Petrify               Tmut/Erth      46%        N/A       3%          4
d - Irradiate             Conj/Tmut      21%        3d21      3%          5

Your spell library contained the following spells:

 Spells                   Type           Power      Damage    Failure   Level
 Ignite Poison            Fire/Tmut/Pois 14%        N/A       3%          3
 Passwall                 Tmut/Erth      38%        N/A       1%          2
 Leda's Liquefaction      Hex/Erth       21%        N/A       4%          4
 Call Canine Familiar     Summ           11%        N/A       16%         3
 Portal Projectile        Hex/Tloc       22%        N/A       16%         3
 Sublimation of Blood     Necr           Unusable   N/A       N/A         2

Dungeon Overview and Level Annotations

Branches:
Dungeon (10/15)            Temple (1/1) D:5            Lair (0/6) D:9
  Sewer (visited)
    Orc: D:9-12

Altars:
Cheibriados
Dithmenos
Elyvilon
Fedhas
Gozag
Hepliaklqana
Kikubaaqudgha
Makhleb
Nemelex Xobeh
Okawaru
Ru
Uskayaw
Vehumet
Wu Jian
Xom
Yredelemnul
Zin
The Shining One

Shops:
D:9 !

Annotations:
D:10 Grum


Innate Abilities, Weirdness & Mutations

You are immune to sickness and miasma.
Your stone body is resilient. (AC +8)
You are immune to poison.
You resist negative energy. (rN+)
You are resistant to electric shocks. (rElec)
You are resistant to unholy torment.
You are immune to petrification.


Message History

Unknown command.
Casting: Sandblast (safe; 1% risk of failure)
Confirm with . or Enter, or press ? or * to list all spells.
Aiming: Sandblast (safe; 1% risk of failure)
Press: ? - help, Shift-Dir - straight line, f - wolf
Aim: a wolf (73% to hit)
The blast of sand hits the wolf!
The wolf is severely wounded.
You block the wolf's attack.
Grum hits you from afar with a +1 glaive!
* * * LOW HITPOINT WARNING * * *
The wolf closely misses you.
Unknown command.
The wolf barely misses you. The wolf bites you.
* * * LOW HITPOINT WARNING * * *
The wolf closely misses you.
Okay, then.
Casting: Sandblast (safe; 1% risk of failure)
Confirm with . or Enter, or press ? or * to list all spells.
Aiming: Sandblast (safe; 1% risk of failure)
Press: ? - help, Shift-Dir - straight line, f/p - wolf
Aim: a wolf (heavily wounded, 73% to hit)
The blast of sand hits the wolf!
You kill the wolf!
Vehumet accepts your kill.
You feel your power returning.
Unknown command.
You feel better.
Grum hits you from afar with a +1 glaive!
* * * LOW HITPOINT WARNING * * *
You are confused.
You feel invigorated. Grum misses you. Grum misses you.
You bump into the rock wall.
Grum hits you with a +1 glaive!
* * * LOW HITPOINT WARNING * * *
You bump into the rock wall.
Grum sniffs the air and quickly glances around.
Grum hits you with a +1 glaive!
You die...

#........##.................
#......>.#######.....#######
#........# ###...##..#
########## #...### .# #.###
# #.# #.# #.# #@# ##g#
#####..# #.....## #.#####
#.########. #g.........
###.....### #..††#####


You could see Grum.

Vanquished Creatures
  Harold (D:9)
  An ugly thing (D:8)
  Maurice (D:8)
  A troll (D:6)
  A hornet (D:10)
  A slime creature (D:8)
  Prince Ribbit (D:6)
  A centaur simulacrum (D:10)
  A shadow (D:9)
  A wraith (D:9)
  A basilisk (D:8)
  Edmund (D:4)
  Duvessa (D:6)
  2 water moccasins
  2 black bears
  4 orc warriors
  2 sky beasts
  An ice beast (D:7)
  A hornet zombie (D:6)
  3 ogres
  A necrophage (D:5)
  4 wolves (D:10)
  2 phantoms
  2 centaurs (D:9)
  3 kobold brigands (D:8)
  2 bullfrogs
  4 scorpions
  3 wyvern zombies
  A water moccasin zombie (D:5)
  A gnoll sergeant (D:9)
  17 killer bees
  Dowan (D:6)
  10 wights
  A hound (D:4)
  2 centaur zombies
  A bullfrog skeleton (D:5)
  A jelly (D:6)
  5 orc priests
  A gnoll shaman (D:7)
  2 iguanas
  10 orc wizards
  A hound zombie (D:5)
  A hound skeleton (D:4)
  Robin (D:3)
  13 gnolls
  11 adders
  2 river rats (Sewer)
  A shadow imp (D:7)
  3 white imps
  2 worms (D:2)
  A dart slug (D:4)
  28 orcs
  4 bats
  7 endoplasms
  3 giant cockroaches (D:3)
  14 goblins
  13 hobgoblins
  11 jackals
  7 quokkas
  13 ball pythons
  9 frilled lizards
  26 kobolds
  9 rats
282 creatures vanquished.

Vanquished Creatures (others)
  A quokka (D:5)
  46 plants
47 creatures vanquished.

Grand Total: 329 creatures vanquished

Notes
Turn   | Place    | Note
-------+----------+-------------------------------------------
     0 | D:1      | ders the Gargoyle Earth Elementalist began the quest for
                  | the Orb.
     0 | D:1      | Reached XP level 1. HP: 10/10 MP: 3/3
   220 | D:1      | Reached skill level 1 in Transmutations
   220 | D:1      | Reached XP level 2. HP: 15/15 MP: 1/5
   947 | D:1      | Reached XP level 3. HP: 19/19 MP: 3/6
   951 | D:1      | Learned a level 3 spell: Stone Arrow
  1041 | D:1      | Reached skill level 4 in Earth Magic
  1934 | D:2      | Reached skill level 1 in Conjurations
  1944 | D:2      | Reached XP level 4. HP: 24/24 MP: 1/7
  2730 | D:2      | Reached XP level 5. HP: 28/28 MP: 2/9
  3136 | D:3      | Found a glowing drain.
  3166 | Sewer    | Entered a sewer
  3535 | Sewer    | Reached skill level 5 in Earth Magic
  4679 | D:3      | Noticed Robin
  5015 | D:3      | Reached XP level 6. HP: 28/32 MP: 7/11
  5263 | D:3      | Found a glowing golden altar of the Shining One.
  5347 | D:3      | Killed Robin
  6477 | D:4      | Found a faded altar of an unknown god.
  6477 | D:4      | Found a glowing silver altar of Zin.
  6534 | D:4      | Found an ornate altar of the Wu Jian Council.
  6536 | D:4      | Found a faded altar of an unknown god.
  6539 | D:4      | Found a sparkling altar of Nemelex Xobeh.
  7122 | D:4      | Reached skill level 6 in Earth Magic
  7122 | D:4      | Reached XP level 7. HP: 36/36 MP: 0/13
  7248 | D:4      | Noticed Edmund
  7265 | D:4      | Killed Edmund
  7487 | D:5      | Entered Level 5 of the Dungeon
  7690 | D:5      | Found a white marble altar of Elyvilon.
  7755 | D:5      | Became a worshipper of Elyvilon the Healer
  8023 | D:5      | Reached XP level 8. HP: 41/41 MP: 12/15
  8097 | D:5      | Reached skill level 5 in Spellcasting
  8097 | D:5      | Reached skill level 5 in Conjurations
  8097 | D:5      | Reached skill level 7 in Earth Magic
  8164 | D:5      | Found a staircase to the Ecumenical Temple.
  8178 | Temple   | Entered the Ecumenical Temple
  8510 | Temple   | Fell from the grace of Elyvilon
  8510 | Temple   | Became a worshipper of Vehumet
  8996 | D:5      | Reached skill level 8 in Earth Magic
  9341 | D:6      | Noticed Prince Ribbit
  9345 | D:6      | Killed Prince Ribbit
  9350 | D:6      | Reached XP level 9. HP: 45/45 MP: 8/18
  9557 | D:6      | Reached skill level 9 in Earth Magic
  9595 | D:6      | Noticed a troll
  9597 | D:6      | Killed a troll
  9817 | D:6      | Noticed Duvessa
  9822 | D:6      | Killed Duvessa
  9822 | D:6      | Noticed Dowan
  9826 | D:6      | Killed Dowan
  9972 | D:6      | Learned a level 4 spell: Petrify
 10035 | D:6      | Reached * piety under Vehumet
 10035 | D:6      | Offered knowledge of Shock by Vehumet.
 10508 | D:7      | Reached skill level 1 in Shields
 11126 | D:7      | Reached skill level 10 in Earth Magic
 11139 | D:7      | Offered knowledge of Static Discharge by Vehumet.
 11140 | D:7      | Reached XP level 10. HP: 36/50 MP: 16/21
 11208 | D:7      | Learned a level 5 spell: Irradiate
 11527 | D:8      | Reached ** piety under Vehumet
 11757 | D:8      | Noticed a green ugly thing
 11763 | D:8      | Killed a green ugly thing
 12027 | D:8      | Noticed Maurice
 12035 | D:8      | Killed Maurice
 13039 | D:9      | Found a staircase to the Lair.
 13073 | D:9      | Reached skill level 11 in Earth Magic
 13349 | D:9      | Found Seug Ivo's Distillery.
 13600 | D:9      | Offered knowledge of Ignite Poison by Vehumet.
 13980 | D:9      | Noticed Harold
 13985 | D:9      | Killed Harold
 13986 | D:9      | Reached XP level 11. HP: 54/54 MP: 23/23
 14218 | D:9      | Reached skill level 10 in Conjurations
 14379 | D:10     | Entered Level 10 of the Dungeon
 14382 | D:10     | Reached *** piety under Vehumet
 14464 | D:10     | Reached skill level 12 in Earth Magic
 14755 | D:10     | Noticed Grum
 14778 | D:10     | Slain by Grum

Illustrated notes

Levels and vault maps discovered:
D:1:      minmay_arrival_widening_spiral_wide, layout_basic, minivault_23,
          minmay_unequal
D:2:      cheibrodos_old_hovel, layout_loops_ring
D:3:      wad_woods_stonehenge, layout_basic, gup_sewer_entry_pipe, uniq_robin
D:4:      layout_loops_corners, chequers_temple_overflow_minitemple, uniq_edmund
D:5:      layout_basic, elyvilon_altar_4, minmay_temple_entry_ruins,
          grunt_decor_junction, kennysheep_generic_room_6
D:6:      layout_rooms, uniq_prince_ribbit1, uniq_duvessa
D:7:      layout_rooms, serial_bayou_pond_a
D:8:      minmay_curly_fans, layout_loops_corners, uniq_maurice
D:9:      layout_basic, dpeg_oklobed_lair, serial_shops,
          nicolae_shop_behind_doors, kennysheep_generic_room_5, uniq_harold
D:10:     layout_rooms, chequers_temple_overflow_statue_of_worship, uniq_grum
Temple:   minmay_temple_curvy_branch

Skill      XL: |  1  2  3  4  5  6  7  8  9 10 11 |
---------------+----------------------------------+-----
Transmutations | 1 |  1.2
Earth Magic    | 4 5 6 8 10 11 12 | 12.1
Conjurations   | 1 2 3 4 6 8 9 10 | 10.4
Spellcasting   | 3 4 6 7 8 9 |  9.2
Shields        | 2 4 |  4.0
Dodging        | |  1.9
Stealth        | |  2.6

Action                   |  1- 3 |  4- 6 |  7- 9 | 10-12 || total
-------------------------+-------+-------+-------+-------++-------
Melee: Unarmed           |     2 |       |       |       ||     2
       Short sword       |    39 |    96 |       |       ||   135
       Whip              |       |    12 |    11 |       ||    23
 Cast: Sandblast         |    47 |    39 |    12 |    52 ||   150
       Stone Arrow       |     7 |    79 |   102 |    97 ||   285
       Irradiate         |       |       |       |     3 ||     3
  Use: Scroll            |       |     6 |       |    12 ||    18
       Potion            |       |     2 |       |     2 ||     4
 Stab: Sleeping          |     1 |     1 |       |       ||     2
Armor: Robe              |    33 |   103 |     9 |    11 ||   156
Dodge: Dodged            |    64 |   166 |    22 |    39 ||   291
Block: Buckler           |       |       |       |    15 ||    15

Table legend: (Time is in decaauts)
 A = Elapsed time spent in this place.
 B = Non-inter-level travel time spent in this place.
 C = Inter-level travel time spent in this place.
 D = Time resting spent in this place.
 E = Time spent auto-exploring this place.
 F = Levels seen in this place.
 G = Mean time per level.
                   A        B        C        D        E       F      G
               +--------+--------+--------+--------+--------+-----+--------+
         Total |  14901 |  14505 |    396 |   4530 |   7902 |  12 | 1241.8 |
       Dungeon |  13408 |  13103 |    305 |   3918 |   7522 |  10 | 1340.8 |
        Temple |    357 |    266 |     91 |      0 |    262 |   1 |  357.0 |
         Sewer |   1134 |   1134 |      0 |    612 |    117 |   1 | 1134.0 |
               +--------+--------+--------+--------+--------+-----+--------+

Top non-repeatable levels by time:
     D:1: 1719 daAuts
     D:4: 1637 daAuts
     D:8: 1624 daAuts
     D:3: 1616 daAuts
     D:2: 1591 daAuts
     D:5: 1372 daAuts
     D:9: 1365 daAuts
   Sewer: 1134 daAuts
     D:7: 1059 daAuts
     D:6: 1023 daAuts
    D:10: 398 daAuts
  Temple: 357 daAuts
